Map: Jagannatha EE

Players

Mako - Winner!

  • Race: Terran Terran
  • League: Diamond

Mars

  • Race: Zerg Zerg
  • League: Diamond

VOD

Have the link to the VOD?

Description

Time

  • Played on: June 6, 2021, 7:41 p.m.
  • Length: 13:50
Show
View Real Time Build Order
Export as new Build Order

Mako Terran - Winner!

Build Orders: Liberator Opening, Mech 

Get SALT Encoding   

  12  0:01  SCV  
  13  0:13  SCV  
  14  0:17  Supply Depot  
  14  0:25  SCV  
  15  0:39  SCV  
  15  0:41  Barracks  
  16  0:45  Refinery  
  16  0:51  SCV  
  17  1:03  SCV  
  18  1:15  SCV  
  20  1:33  Reaper  
  20  1:34  Orbital Command  
  20  1:44  Command Center  
  20  2:01  SCV  
  20  2:04  Supply Depot, Marine  
  22  2:14  Factory  
  22  2:17  SCV  
  23  2:24  Refinery  
  23  2:31  Barracks Reactor  
  23  2:32  SCV  
  24  2:44  SCV  
  25  2:59  SCV  
  26  3:09  Starport  
  26  3:14  SCV  
  26  3:16  Hellion  
  26  3:17  Hellion  
  31  3:22  Orbital Command  
  31  3:27  SCV  
  32  3:38  Hellion x2  
  32  3:40  SCV  
  37  3:46  Liberator  
  40  3:52  SCV  
  40  3:53  SCV  
  42  3:59  Hellion x2  
  46  4:23  Command Center  
  46  4:25  Supply Depot  
  46  4:30  Supply Depot  
  46  4:41  Refinery  
  46  4:42  Refinery  
  46  4:45  Factory  
  46  4:46  Factory  
  46  4:47  SCV x2  
  46  4:51  Supply Depot  
  48  4:57  Supply Depot  
  48  4:59  SCV x2  
  50  5:11  SCV x2  
  52  5:23  SCV x2  
  52  5:28  Engineering Bay  
  53  5:42  Factory Tech Lab x2  
  51  5:54  Armory x2  
  51  5:56  Orbital Command  
  45  6:02  Missile Turret  
  41  6:05  Missile Turret  
  41  6:07  Missile Turret  
  41  6:09  Cyclone, Missile Turret  
  41  6:10  Cyclone  
  41  6:11  SCV x2  
  46  6:30  Missile Turret  
  46  6:36  SCV  
  46  6:37  SCV  
  52  6:40  Hellion x2  
  52  6:41  Siege Tank  
  52  6:42  Siege Tank  
  58  6:48  SCV  
  58  6:49  SCV  
  58  6:51  SCV  
  61  7:00  SCV  
  62  7:07  Hellion x2  
  66  7:13  Thor  
  66  7:14  Thor  
  77  7:31  SCV  
  77  7:35  SCV x2  
  80  7:38  Hellion x2  
  80  7:43  Terran Vehicle Weapons Level 1, Missile Turret, Terran Vehicle And Ship Armor Level 1  
  84  7:45  SCV  
  84  7:47  SCV  
  86  7:56  Orbital Command  
  86  7:58  Thor  
  92  8:00  SCV  
  93  8:12  Supply Depot  
  93  8:14  Siege Tank, Hellion x2  
  92  8:30  SCV x2  
  94  8:35  Hellion x2, Supply Depot  
  94  8:40  Thor  
  104  8:45  Thor  
  110  8:51  SCV  
  110  8:53  Refinery  
  110  8:54  Refinery  
  111  8:56  SCV x2, Sensor Tower  
  111  8:57  Hellion x2  
  117  9:03  SCV  
  117  9:08  SCV x2  
  119  9:15  SCV  
  119  9:16  Command Center  
  120  9:18  Hellion  
  120  9:20  Supply Depot  
  120  9:21  Supply Depot x3  
  120  9:23  SCV x2  
  124  9:24  Command Center  
  124  9:27  SCV  
  124  9:30  Factory  
  125  9:32  Factory  
  125  9:42  Siege Tank x2, SCV  
  125  9:45  Supply Depot  
  132  9:48  SCV x2  
  134  9:54  SCV  
  135  10:02  SCV  
  135  10:03  SCV  
  137  10:07  Supply Depot  
  137  10:09  Hellion, Supply Depot  
  137  10:13  Terran Vehicle And Ship Armor Level 2, Terran Vehicle Weapons Level 2  
  139  10:14  Siege Tank x2  
  139  10:15  Factory Tech Lab x2  
  145  10:33  Hellion x2  
  145  10:35  Thor x2  
  161  10:46  Siege Tank  
  164  10:54  Orbital Command, Sensor Tower  
  164  10:55  Refinery x2  
  156  11:05  Infernal Pre-Igniter, Smart Servos  
  156  11:08  SCV x2  
  158  11:13  Supply Depot  
  158  11:14  Supply Depot  
  158  11:17  Supply Depot  
  158  11:23  Planetary Fortress  
  158  11:26  Missile Turret  
  158  11:28  Thor  
  158  11:29  Siege Tank  
  158  11:31  Hellion  
  158  11:32  Hellion x2  
  173  11:44  Command Center  
  173  11:52  SCV  
  174  11:56  SCV  
  174  11:57  SCV x2  
  174  12:00  Siege Tank, Supply Depot, Command Center  
  174  12:01  Supply Depot x2  
  180  12:05  Command Center  
  180  12:10  SCV x2  
  180  12:14  Hellion x2  
  180  12:15  Hellion  
  192  12:37  Hellion x2, Thor  
  190  13:21  Orbital Command x2  
  196  13:28  Command Center  
  196  13:31  Command Center  
Show
View Real Time Build Order
Export as new Build Order

Mars Zerg 

Build Orders: Pool First, Lurkers, Muta Ling Bane 

Get SALT Encoding   

  12  0:00  Drone  
  13  0:13  Overlord  
  13  0:17  Drone  
  14  0:32  Drone x2  
  16  0:43  Spawning Pool  
  16  0:45  Extractor  
  16  0:47  Drone  
  15  0:52  Drone  
  16  0:58  Drone  
  17  1:11  Drone  
  18  1:27  Hatchery  
  18  1:28  Drone  
  18  1:31  Zergling x2  
  19  1:40  Zergling x2  
  19  1:46  Queen  
  22  1:53  Overlord  
  22  2:07  Metabolic Boost  
  22  2:10  Overlord  
  22  2:32  Drone x2  
  24  2:39  Extractor  
  24  2:41  Drone x2  
  25  2:44  Queen  
  27  2:57  Drone  
  27  2:58  Drone x2  
  29  3:05  Drone x2  
  31  3:07  Drone  
  31  3:10  Lair  
  32  3:13  Drone x3  
  35  3:24  Drone  
  35  3:25  Drone  
  37  3:29  Extractor  
  37  3:31  Extractor  
  35  3:36  Spine Crawler  
  35  3:39  Spine Crawler  
  33  3:42  Drone, Overlord x2  
  34  3:51  Drone x3  
  37  4:13  Zergling x8  
  37  4:14  Spire  
  40  4:17  Queen  
  42  4:28  Drone  
  42  4:29  Drone x3  
  46  4:43  Drone x3  
  46  4:44  Drone x2  
  51  4:49  Overlord  
  51  4:52  Overlord  
  48  5:26  Mutalisk x3  
  43  5:40  Drone x5  
  25  5:56  Mutalisk x2  
  28  6:09  Drone x2  
  30  6:32  Drone x3  
  33  6:46  Drone x3  
  36  7:23  Drone x7  
  43  7:31  Zergling x2  
  44  7:39  Drone x2  
  44  7:40  Hatchery  
  44  7:42  Overseer  
  45  7:46  Zergling x2  
  46  7:52  Drone  
  46  7:53  Drone x3  
  50  8:07  Drone, Baneling Nest  
  50  8:08  Drone x2  
  52  8:19  Zergling x8  
  56  8:33  Drone x3, Spore Crawler  
  58  8:36  Drone x2  
  60  8:47  Overlord x3  
  60  8:48  Overlord  
  60  8:49  Overseer  
  60  8:51  Centrifical Hooks  
  60  8:54  Baneling x2  
  60  8:55  Baneling x4  
  60  8:56  Zergling x6  
  60  9:00  Drone  
  60  9:02  Queen  
  66  9:13  Drone  
  66  9:14  Drone x7  
  74  9:17  Spore Crawler  
  74  9:21  Spine Crawler  
  72  9:27  Drone x4  
  76  9:38  Zergling x8  
  80  9:47  Evolution Chamber  
  80  9:49  Evolution Chamber  
  80  9:51  Hydralisk Den  
  74  9:56  Drone x6  
  80  10:00  Extractor  
  80  10:01  Extractor  
  80  10:06  Drone x2  
  80  10:23  Drone  
  80  10:24  Drone  
  80  10:25  Drone x2  
  84  10:30  Hatchery  
  84  10:31  Zerg Ground Armor Level 1, Infestation Pit  
  84  10:33  Zerg Missile Weapons Level 1  
  82  10:39  Hydralisk x8  
  82  10:40  Lurker Den  
  82  10:42  Overlord  
  97  10:43  Overlord  
  96  10:55  Zergling x6  
  98  10:57  Baneling x7  
  98  11:07  Drone  
  98  11:08  Drone  
  100  11:16  Muscular Augments  
  100  11:17  Overlord x3  
  100  11:18  Overlord x2  
  100  11:22  Drone  
  100  11:23  Drone x5  
  106  11:33  Hive  
  106  11:36  Drone x3  
  109  11:40  Lurker  
  109  11:41  Lurker x5, Hydralisk  
  109  11:44  Overlord x2  
  117  11:58  Hydralisk  
  117  11:59  Hydralisk x4  
  117  12:00  Zergling x8  
  131  12:13  Evolution Chamber  
  131  12:14  Drone x7  
  131  12:15  Overlord  
  137  12:18  Extractor  
  137  12:19  Extractor  
  137  12:21  Spore Crawler  
  137  12:22  Spine Crawler  
  133  12:23  Drone x3  
  136  12:35  Drone x2  
  136  12:37  Drone x8  
  139  12:39  Queen  
  127  13:09  Zergling x28  
  112  13:20  Zergling x2  
  112  13:21  Zergling x6  
Tags
 
Add a new tag
Caveats
  • Supply blocks, unpowered buildings, or Contaminate may cause inaccurate times.
  • Supply counts are checked every 10 seconds.